3AAA
MONONGAHELA MONSTERS @ SUNSET DISTRICT FOG
05/26/2042
 
TOP OF THE 1ST
Monongahela Monsters batting - Pitching for Sunset District Fog : RHP Kurt Adams
Pitching: RHP Kurt Adams
Batting: LHB António Muñóz 0-0: Called Strike
0-1: Ball
1-1: Ball
2-1: Swinging Strike
2-2: Fly out, F4 (Popup, 4, EV 59.4 MPH)
Batting: RHB Román García 0-0: Called Strike
0-1: Ball
1-1: Fly out, F5 (Line Drive, 5, EV 63.1 MPH)
Batting: RHB Richello Oliva 0-0: Ball
1-0: Ball
2-0: Ball
3-0: Ground out 6-3 (Groundball, 6, EV 85.6 MPH)
Top of the 1st over - 0 runs, 0 hits, 0 errors, 0 left on base; Monongahela 0 - Sunset District 0
BOTTOM OF THE 1ST
Sunset District Fog batting - Pitching for Monongahela Monsters : RHP Santiago Ramírez
Pitching: RHP Santiago Ramírez
Batting: SHB Rafael Bregonzi 0-0: Ground out 2-3 (Groundball, 15S, EV 66.2 MPH)
Batting: RHB A.T. Tappman 0-0: Ball
1-0: Ball
2-0: Ball
3-0: Called Strike
3-1: Swinging Strike
3-2: Strikes out looking
Batting: LHB Bradley Wilson 0-0: Called Strike
0-1: Ball
1-1: Foul Ball, location: 2F
1-2: Strikes out looking
Bottom of the 1st over - 0 runs, 0 hits, 0 errors, 0 left on base; Monongahela 0 - Sunset District 0
TOP OF THE 2ND
Monongahela Monsters batting - Pitching for Sunset District Fog : RHP Kurt Adams
Batting: SHB Roger Dorn 0-0: Called Strike
0-1: Foul Ball, location: 2F
0-2: Strikes out swinging
Batting: RHB Li-ren Ku 0-0: SINGLE (Line Drive, 3D, EV 100.6 MPH)
Batting: LHB George Runnalls 0-0: Ball
Li-ren Ku steals 2nd base
1-0: Ball
2-0: Fly out, F6 (Popup, 6M, EV 66.2 MPH)
Batting: RHB Roger Snodgrass 0-0: Ball
1-0: Ball
2-0: Ball
3-0: Base on Balls
Batting: SHB Hélio Capriati 0-0: Fly out, F7 (Line Drive, 7, EV 94.4 MPH)
Top of the 2nd over - 0 runs, 1 hit, 0 errors, 2 left on base; Monongahela 0 - Sunset District 0
BOTTOM OF THE 2ND
Sunset District Fog batting - Pitching for Monongahela Monsters : RHP Santiago Ramírez
Batting: LHB Dan Hines 0-0: Ball
1-0: Ball
2-0: Foul Ball, location: 2F
2-1: Fly out, F6 (Popup, 4M, EV 55.6 MPH)
Batting: LHB Flint Myers 0-0: Ball
1-0: Ball
2-0: Called Strike
2-1: Fly out, F9 (Flyball, 89S, EV 86.2 MPH)
Batting: LHB Juan Fuentes 0-0: Ball
1-0: Ball
2-0: Foul Ball, location: 2F
2-1: Ball
3-1: Base on Balls
Batting: RHB Nicodemo Nardone 0-0: Ball
1-0: Ball
2-0: Called Strike
2-1: Ground out 5-3 (Groundball, 56S, EV 84.4 MPH)
Bottom of the 2nd over - 0 runs, 0 hits, 0 errors, 1 left on base; Monongahela 0 - Sunset District 0
TOP OF THE 3RD
Monongahela Monsters batting - Pitching for Sunset District Fog : RHP Kurt Adams
Batting: RHB Koi-sho Xú 0-0: Ball
1-0: Ball
2-0: Ball
3-0: Base on Balls
Batting: LHB António Muñóz 0-0: Ball
1-0: Swinging Strike
1-1: Ball
2-1: Called Strike
2-2: Strikes out swinging
Batting: RHB Román García 0-0: Ball
1-0: Ball
2-0: Ball
3-0: Called Strike
3-1: Called Strike
3-2: Foul Ball, location: 2F
3-2: Strikes out looking
Batting: RHB Richello Oliva Pickoff Throw to First - Out! 1-3
Top of the 3rd over - 0 runs, 0 hits, 0 errors, 0 left on base; Monongahela 0 - Sunset District 0
BOTTOM OF THE 3RD
Sunset District Fog batting - Pitching for Monongahela Monsters : RHP Santiago Ramírez
Batting: LHB Jorge Peniche 0-0: SINGLE (Line Drive, 9S, EV 98.8 MPH)
Batting: RHB Denis Taylor 0-0: Called Strike
0-1: Foul Ball, location: 2F
0-2: Grounds into double play, 6-4-3 (Groundball, 6, EV 76.9 MPH)
Batting: SHB Rafael Bregonzi 0-0: Called Strike
0-1: Foul Ball, location: 2F
0-2: Ball
1-2: Fly out, F7 (Line Drive, 7D, EV 91.2 MPH)
Bottom of the 3rd over - 0 runs, 1 hit, 0 errors, 0 left on base; Monongahela 0 - Sunset District 0
TOP OF THE 4TH
Monongahela Monsters batting - Pitching for Sunset District Fog : RHP Kurt Adams
Batting: RHB Richello Oliva 0-0: Ball
1-0: Ground out 5-3 (Groundball, 56S, EV 81.9 MPH)
Batting: SHB Roger Dorn 0-0: Ball
1-0: Called Strike
1-1: Fly out, F8 (Flyball, 8RD, EV 90.6 MPH)
Batting: RHB Li-ren Ku 0-0: Foul Ball, location: 2F
0-1: Fly out, F9 (Flyball, 89D, EV 98.1 MPH)
Top of the 4th over - 0 runs, 0 hits, 0 errors, 0 left on base; Monongahela 0 - Sunset District 0
BOTTOM OF THE 4TH
Sunset District Fog batting - Pitching for Monongahela Monsters : RHP Santiago Ramírez
Batting: RHB A.T. Tappman 0-0: Ball
1-0: Called Strike
1-1: Ball
2-1: Ground out 4-3 (Groundball, 34, EV 107.5 MPH)
Batting: LHB Bradley Wilson 0-0: Ground out U3 (Groundball, 3, EV 91.2 MPH)
Batting: LHB Dan Hines 0-0: Ball
1-0: Fly out, F8 (Flyball, 78XD, EV 95.0 MPH)
Bottom of the 4th over - 0 runs, 0 hits, 0 errors, 0 left on base; Monongahela 0 - Sunset District 0
TOP OF THE 5TH
Monongahela Monsters batting - Pitching for Sunset District Fog : RHP Kurt Adams
Batting: LHB George Runnalls 0-0: Fly out, F7 (Flyball, 78S, EV 70.0 MPH)
Batting: RHB Roger Snodgrass 0-0: Called Strike
0-1: Ball
1-1: Ball
2-1: Ball
3-1: Base on Balls
Batting: SHB Hélio Capriati 0-0: Ground out 4-3 (Groundball, 4, EV 86.9 MPH)
Roger Snodgrass to second
Batting: RHB Koi-sho Xú 0-0: Ball
1-0: Called Strike
1-1: SINGLE (Line Drive, 56D, EV 100.0 MPH)
Roger Snodgrass to third
Runner from 3rd tries for Home, SAFE, throw by LF to home
Batting: LHB António Muñóz 0-0: Ball
1-0: SINGLE (Groundball, 6D, EV 98.1 MPH)
Koi-sho Xú to second
Batting: RHB Román García 0-0: Ball
1-0: Ball
2-0: Ball
3-0: Called Strike
3-1: Base on Balls
Koi-sho Xú to third
António Muñóz to second
Batting: RHB Richello Oliva 0-0: Ball
1-0: Ball
2-0: GRAND SLAM HOME RUN (Flyball, 78XD, EV 105.0 MPH), Distance : 444 ft
Pitching: RHP Marcos Salinas
Batting: SHB Roger Dorn 0-0: Ball
1-0: Called Strike
1-1: Called Strike
1-2: Foul Ball, location: 2F
1-2: Foul Ball, location: 2F
1-2: Strikes out swinging
Top of the 5th over - 5 runs, 3 hits, 0 errors, 0 left on base; Monongahela 5 - Sunset District 0
BOTTOM OF THE 5TH
Sunset District Fog batting - Pitching for Monongahela Monsters : RHP Santiago Ramírez
Batting: LHB Flint Myers 0-0: Called Strike
0-1: Ball
1-1: Ball
2-1: Fly out, F7 (Flyball, 78S, EV 73.8 MPH)
Batting: LHB Juan Fuentes 0-0: Ball
1-0: Foul Ball, location: 2F
1-1: Ball
2-1: Called Strike
2-2: Ball
3-2: Strikes out looking
Batting: RHB Nicodemo Nardone 0-0: Ball
1-0: Fly out, F9 (Flyball, 9LD, EV 94.4 MPH)
Bottom of the 5th over - 0 runs, 0 hits, 0 errors, 0 left on base; Monongahela 5 - Sunset District 0
TOP OF THE 6TH
Monongahela Monsters batting - Pitching for Sunset District Fog : RHP Marcos Salinas
Batting: RHB Li-ren Ku 0-0: Foul Ball, location: 2F
0-1: Ball
1-1: Hit by Pitch
Batting: LHB George Runnalls 0-0: Called Strike
0-1: Grounds into double play, 6-4-3 (Groundball, 6, EV 81.2 MPH)
Batting: RHB Roger Snodgrass 0-0: Ball
1-0: Swinging Strike
1-1: Ground out 2-3 (Groundball, 15S, EV 63.8 MPH)
Top of the 6th over - 0 runs, 0 hits, 0 errors, 0 left on base; Monongahela 5 - Sunset District 0
BOTTOM OF THE 6TH
Sunset District Fog batting - Pitching for Monongahela Monsters : RHP Santiago Ramírez
Batting: LHB Jorge Peniche 0-0: SINGLE (Groundball, 34D, EV 99.4 MPH)
Batting: RHB Denis Taylor 0-0: Foul Ball, location: 2F
0-1: Ball
1-1: Grounds into double play, 4-6-3 (Groundball, 4, EV 80.0 MPH)
Batting: SHB Rafael Bregonzi 0-0: Called Strike
0-1: Ball
1-1: Swinging Strike
1-2: Ball
2-2: SINGLE (Line Drive, 89M, EV 86.9 MPH)
Batting: RHB A.T. Tappman 0-0: Ball
1-0: Ball
2-0: Called Strike
2-1: Fly out, F9 (Flyball, 9S, EV 88.8 MPH)
Bottom of the 6th over - 0 runs, 2 hits, 0 errors, 1 left on base; Monongahela 5 - Sunset District 0
TOP OF THE 7TH
Monongahela Monsters batting - Pitching for Sunset District Fog : RHP Marcos Salinas
Batting: SHB Hélio Capriati 0-0: Called Strike
0-1: Fly out, F8 (Flyball, 89M, EV 77.5 MPH)
Batting: RHB Koi-sho Xú 0-0: Called Strike
0-1: Swinging Strike
0-2: Ball
1-2: SINGLE (Line Drive, 7LS, EV 101.9 MPH)
Batting: LHB António Muñóz 0-0: Ball
1-0: Called Strike
1-1: SINGLE (Groundball, 3, EV 81.9 MPH) (infield hit)
Koi-sho Xú to second
Batting: RHB Román García 0-0: Ball
1-0: SINGLE (Groundball, 6MD, EV 95.6 MPH)
Koi-sho Xú to third
António Muñóz to second
Runner from 3rd tries for Home, SAFE, throw by CF to home
Batting: RHB Richello Oliva 0-0: Called Strike
António Muñóz is caught stealing 3rd base 2-5
0-1: Ball
1-1: Ball
2-1: Foul Ball, location: 2F
2-2: Strikes out looking
Top of the 7th over - 1 run, 3 hits, 0 errors, 1 left on base; Monongahela 6 - Sunset District 0
BOTTOM OF THE 7TH
Sunset District Fog batting - Pitching for Monongahela Monsters : RHP Santiago Ramírez
Batting: LHB Bradley Wilson 0-0: Fly out, F8 (Line Drive, 8LD, EV 106.9 MPH)
Batting: LHB Dan Hines 0-0: Ball
1-0: Called Strike
1-1: Foul Ball, location: 2F
1-2: Ball
2-2: Foul Ball, location: 2F
2-2: Strikes out swinging
Batting: LHB Flint Myers 0-0: Called Strike
0-1: Foul Ball, location: 2F
0-2: Ball
1-2: Foul Ball, location: 2F
1-2: Strikes out looking
Bottom of the 7th over - 0 runs, 0 hits, 0 errors, 0 left on base; Monongahela 6 - Sunset District 0
TOP OF THE 8TH
Monongahela Monsters batting - Pitching for Sunset District Fog : RHP Marcos Salinas
Batting: SHB Roger Dorn 0-0: Ball
1-0: Ball
2-0: Swinging Strike
2-1: Fly out, F8 (Line Drive, 8LM, EV 103.1 MPH)
Batting: RHB Li-ren Ku 0-0: Ball
1-0: Fly out, F8 (Flyball, 89D, EV 98.1 MPH)
Batting: LHB George Runnalls 0-0: Called Strike
0-1: Ball
1-1: Foul Ball, location: 2F
1-2: Ball
2-2: Ball
3-2: Strikes out swinging
Top of the 8th over - 0 runs, 0 hits, 0 errors, 0 left on base; Monongahela 6 - Sunset District 0
BOTTOM OF THE 8TH
Sunset District Fog batting - Pitching for Monongahela Monsters : RHP Santiago Ramírez
Batting: LHB Juan Fuentes 0-0: Fly out, F7 (Flyball, 7LS, EV 75.0 MPH)
Batting: RHB Nicodemo Nardone 0-0: Called Strike
0-1: Ball
1-1: Called Strike
1-2: Ball
2-2: Strikes out looking
Batting: LHB Jorge Peniche 0-0: Called Strike
0-1: Ball
1-1: Ball
2-1: Foul Ball, location: 2F
2-2: Foul Ball, location: 2F
2-2: Ball
3-2: Ground out 4-3 (Groundball, 4M, EV 105.6 MPH)
Bottom of the 8th over - 0 runs, 0 hits, 0 errors, 0 left on base; Monongahela 6 - Sunset District 0
TOP OF THE 9TH
Monongahela Monsters batting - Pitching for Sunset District Fog : RHP Marcos Salinas
Batting: RHB Roger Snodgrass 0-0: Called Strike
0-1: Ball
1-1: Ball
2-1: Called Strike
2-2: Foul Ball, location: 2F
2-2: Ground out 6-3 (Groundball, 6, EV 98.8 MPH)
Batting: SHB Hélio Capriati 0-0: Called Strike
0-1: Ground out 6-3 (Groundball, 6, EV 85.6 MPH)
Batting: RHB Koi-sho Xú 0-0: Called Strike
0-1: Ball
1-1: Fly out, F3 (Popup, 3, EV 61.2 MPH)
Top of the 9th over - 0 runs, 0 hits, 0 errors, 0 left on base; Monongahela 6 - Sunset District 0
BOTTOM OF THE 9TH
Sunset District Fog batting - Pitching for Monongahela Monsters : RHP Santiago Ramírez
Pitching: RHP Wesley Mason
Batting: RHB Denis Taylor 0-0: Ball
1-0: Ball
2-0: Ball
3-0: Base on Balls
Batting: SHB Rafael Bregonzi 0-0: Ball
1-0: Fly out, F7 (Flyball, 7, EV 89.4 MPH)
Batting: RHB A.T. Tappman 0-0: Ball
1-0: Foul Ball, location: 2F
1-1: Foul Ball, location: 2F
1-2: Fly out, F7 (Flyball, 78D, EV 97.5 MPH)
Batting: LHB Bradley Wilson 0-0: Ball
1-0: Called Strike
1-1: Foul Ball, location: 2F
1-2: Ball
2-2: Strikes out swinging
Bottom of the 9th over - 0 runs, 0 hits, 0 errors, 1 left on base; Monongahela 6 - Sunset District 0
Friday, March 26th, 2021 - OOTP Baseball 20.8 Build 74